 Dungeon Crawl Stone Soup version 0.20.0-15-g7f486f2 (webtiles) character file.

710 ANON1729 the Destroyer (level 7, -4/38 HPs)
             Began as a Tengu Conjurer on June 15, 2017.
             Was a Believer of Vehumet.
             Killed from afar by an orc wizard (6 damage)
             ... with a magic dart
             ... on level 4 of the Dungeon.
             The game lasted 00:22:19 (4080 turns).

ANON1729 the Destroyer (Tengu Conjurer)             Turns: 4080, Time: 00:22:19

Health: -4/38      AC:  3    Str:  8      XL:     7   Next: 68%
Magic:  8/15       EV: 13    Int: 18      God:    Vehumet [**....]
Gold:   355        SH:  0    Dex: 16 (17) Spells: 10/16 levels left

rFire    + . .     SeeInvis .   A - +3 mace "Borosyos" {drain, rF+ rC+ MR+}
rCold    + . .     Gourm    .   (no shield)
rNeg     . . .     Faith    .   a - +0 robe
rPois    .         Spirit   .   (helmet restricted)
rElec    .         Reflect  .   (no cloak)
rCorr    .         Harm     .   (no gloves)
MR       +....                  (boots unavailable)
Stlth    ++........             (no amulet)
Regen    0.2/turn               j - +3 ring of dexterity
MPRegen  0.2/turn               l - +1 ring of protection

@: no status effects
A: beak, talons 3, able to fly 1
a: Fly, Renounce Religion


You were on level 4 of the Dungeon.
You worshipped Vehumet.
Vehumet was pleased with you.
You were not hungry.

You visited 1 branch of the dungeon, and saw 5 of its levels.

You collected 355 gold pieces.

Inventory:

Hand Weapons
 f - a +0 club
 o - a +1 dagger of electrocution
 A - the +3 mace "Borosyos" (weapon) {drain, rF+ rC+ MR+}
   (You found it on level 4 of the Dungeon)

   A truly terrible weapon, it drains the life of those it strikes.
   It protects you from fire.
   It protects you from cold.
   It affects your resistance to hostile enchantments.
 D - a +0 fustibalus
Armour
 a - a +0 robe (worn)
 z - a +1 ring mail of positive energy
Jewellery
 j - a +3 ring of dexterity (left hand)
 l - a +1 ring of protection (right hand)
 u - a cursed ring of teleportation {unknown}
Scrolls
 e - 4 scrolls of blinking {unknown}
 g - 5 scrolls of identify {unknown}
 h - a scroll of fog {unknown}
 m - a scroll of immolation {unknown}
 n - 4 scrolls of enchant weapon {unknown}
 p - 3 scrolls of remove curse {unknown}
 q - a scroll of amnesia {unknown}
 r - a scroll of random uselessness {unknown}
 w - a scroll of enchant armour {unknown}
 x - 3 scrolls of magic mapping {unknown}
 y - a scroll of teleportation {unknown}
Potions
 d - 2 potions of curing {unknown}
 k - a potion of agility {unknown}
 s - a potion of flight {unknown}
 t - 2 potions of might {unknown}
 C - a potion of lignification {unknown}
Books
 b - a book of Conjurations

   Spells                             Type                      Level
   a - Magic Dart                     Conjuration                  1
   b - Searing Ray                    Conjuration                  2
   c - Dazzling Spray                 Conjuration/Hexes            3
   d - Fulminant Prism                Conjuration/Hexes            4
   e - Force Lance                    Conjuration/Translocation    4
   f - Iskenderun's Mystic Blast      Conjuration                  4
Comestibles
 c - 4 bread rations
 i - 6 royal jellies
 v - 3 meat rations


   Skills:
 - Level 1.1 Fighting
 - Level 2.1 Dodging
 - Level 2.0 Stealth
 + Level 5.3 Spellcasting
 + Level 9.4 Conjurations


You had 10 spell levels left.
You knew the following spells:

 Your Spells              Type           Power        Failure   Level  Hunger
a - Magic Dart            Conj           ####         1%          1    None
b - Searing Ray           Conj           #####.       1%          2    #......
c - Sting                 Conj/Pois      ###.         1%          1    None
d - Throw Frost           Conj/Ice       ###...       2%          2    #......


Dungeon Overview and Level Annotations

Branches:
Dungeon (5/15)
 Temple: D:4-7

Altars:
Fedhas
Okawaru
Qazlal
Vehumet
Xom
Beogh


Innate Abilities, Weirdness & Mutations

You have a beak for a mouth.
You have claws for feet.
You can fly.


Message History

The ball python grabs you.
You stop ascending the stairs.
The ball python constricts you. The centaur skeleton hits you.
You escape the ball python's grasp.
The orc wizard barely misses you. The centaur skeleton hits you!
* * * LOW HITPOINT WARNING * * *
The orc misses you. The orc wizard closely misses you.
The ball python bites you but does no damage.
The ball python misses you.
You climb upwards.
There is a stone staircase leading down here.
Okay, then.
Okay, then.
The orc wizard misses you. The ball python misses you.
The ball python grabs you. The ball python constricts you.
The orc hits you with a morningstar!
* * * LOW HITPOINT WARNING * * *
You escape the ball python's grasp.
The orc wizard casts a spell at you. The magic dart hits you!
You die...

#.#.##############..#
#.#.# #........# #.#.#
#..####### #.#.# #..#
#.#.# #..#
#.#.########..#
#.#...........###########
#.####So.....^...........
#.# #>.@................
#.# #o#########.########
#.# #.# #.........). #.#
#.# #.#.######## #.# #.#
#.#.# #.# #.# #.#.# #.#
#.# #.#.# #.#
#.#######.#.# # #.#
#.........#.# #


You could see an orc wizard, an orc and a ball python.

Vanquished Creatures
  Grinder (D:3)
  Eustachio (D:5)
  2 orc priests (D:3)
  A bullfrog skeleton (D:4)
  Terence (D:2)
  Natasha (thrice) (D:2)
  2 orc wizards
  Robin (D:2)
  An adder (D:3)
  An ooze (D:1)
  An adder skeleton (D:4)
  5 dart slugs
  2 leopard geckos
  10 orcs
  2 ball pythons
  8 bats
  3 giant cockroaches
  17 goblins
  15 hobgoblins
  7 jackals
  2 quokkas (D:2)
  4 frilled lizards
  7 kobolds
  10 rats
107 creatures vanquished.

Notes
Turn   | Place    | Note
-------+----------+-------------------------------------------
     0 | D:1      | ANON1729 the Tengu Conjurer began the quest for the Orb.
     0 | D:1      | Reached XP level 1. HP: 10/10 MP: 4/4
   141 | D:1      | Reached XP level 2. HP: 13/15 MP: 4/6
   145 | D:1      | Learned a level 2 spell: Searing Ray
   171 | D:1      | Reached skill level 6 in Conjurations
   342 | D:1      | Reached XP level 3. HP: 19/19 MP: 4/7
  1060 | D:2      | Found a blossoming altar of Fedhas.
  1104 | D:2      | Noticed Robin
  1108 | D:2      | Reached XP level 4. HP: 11/24 MP: 0/8
  1407 | D:2      | Found a radiant altar of Vehumet.
  1415 | D:2      | Became a worshipper of Vehumet
  1433 | D:2      | Found a shimmering altar of Xom.
  1482 | D:2      | Noticed Natasha
  1524 | D:2      | Killed Natasha
  1537 | D:2      | Noticed Natasha
  1542 | D:2      | Killed Natasha
  1542 | D:2      | Reached skill level 7 in Conjurations
  1542 | D:2      | Gained mutation: You can fly. [Tengu growth]
  1542 | D:2      | Reached XP level 5. HP: 28/28 MP: 1/10
  1618 | D:2      | Noticed Natasha
  1624 | D:2      | Killed Natasha
  1838 | D:2      | Killed Robin
  1908 | D:2      | Noticed Terence
  1931 | D:2      | Killed Terence
  2202 | D:2      | Found a stormy altar of Qazlal.
  2280 | D:2      | Reached * piety under Vehumet
  2280 | D:2      | Offered knowledge of Sting by Vehumet.
  2283 | D:2      | Learned a level 1 spell: Sting
  2449 | D:3      | Noticed Grinder
  2457 | D:3      | Killed Grinder
  2457 | D:3      | Reached skill level 1 in Fighting
  2457 | D:3      | Reached skill level 8 in Conjurations
  2457 | D:3      | Reached XP level 6. HP: 32/34 MP: 5/13
  2735 | D:3      | Found an iron altar of Okawaru.
  2826 | D:3      | Reached XP level 7. HP: 36/38 MP: 5/14
  2936 | D:3      | Found a roughly hewn altar of Beogh.
  3381 | D:4      | Got a faintly glowing mace
  3382 | D:4      | Identified the +3 mace "Borosyos" {drain, rF+ rC+ MR+} (You found it on level 4 of the Dungeon)
  3420 | D:4      | Offered knowledge of Throw Frost by Vehumet.
  3516 | D:4      | Reached ** piety under Vehumet
  3516 | D:4      | Reached skill level 9 in Conjurations
  4016 | D:4      | Learned a level 2 spell: Throw Frost
  4062 | D:5      | Entered Level 5 of the Dungeon
  4062 | D:5      | Noticed Eustachio
  4075 | D:5      | Killed Eustachio
  4075 | D:5      | Reached skill level 5 in Spellcasting
  4080 | D:4      | Killed from afar by an orc wizard

Skill      XL: |  1  2  3  4  5  6  7 |
---------------+----------------------+-----
Conjurations   | 6 7 8 9 |  9.4
Spellcasting   | 3 4 5 |  5.3
Fighting       | 1 |  1.1
Dodging        | |  2.1
Stealth        | |  2.0

Action                   |  1- 3 |  4- 6 |  7- 9 || total
-------------------------+-------+-------+-------++-------
Melee: Club              |    21 |       |       ||    21
       Kick              |     6 |       |     1 ||     7
       Peck              |     7 |       |       ||     7
       Mace              |       |       |     3 ||     3
 Cast: Magic Dart        |    66 |    83 |    25 ||   174
       Searing Ray       |     1 |     7 |     7 ||    15
 Abil: Fly               |       |       |     1 ||     1
  Eat: Chunk             |     1 |     6 |     4 ||    11
Armor: Robe              |     6 |     2 |     9 ||    17
Dodge: Dodged            |    18 |     8 |    24 ||    50
